% Time on Ice - SASKATOON DUCKS
Lines # - Real PCT - Wanted PCT - Time Play
Normal Forward
1 - 38% - 42% - 21:09
2 - 23% - 38% - 13:04
3 - 17% - 15% - 9:21
4 - 22% - 5% - 12:28
Normal Defense
1 - 36% - 40% - 20:15
2 - 32% - 30% - 17:53
3 - 26% - 20% - 14:29
4 - 6% - 10% - 3:25
PP Forward
1 - 54% - 60% - 1:04
2 - 46% - 40% - 0:55
PP Defense
1 - 46% - 60% - 0:55
2 - 54% - 40% - 1:04
PK Forward
1 - 78% - 55% - 1:33
2 - 22% - 45% - 0:26
PK Defense
1 - 78% - 55% - 1:33
2 - 22% - 45% - 0:26
PK3 Forward
1 - 0% - 55%
2 - 0% - 45%
PK3 Defense
1 - 0% - 55%
2 - 0% - 45%
44 Forward
1 - 0% - 55%
2 - 0% - 45%
44 Defense
1 - 0% - 55%
2 - 0% - 45%
Last Minute Offensive  - 0:00
Last Minute Defensive  - 0:00
Total
Forward - 60:00
Defense - 60:00
% Time on Ice - SAN FRANCISCO SPIDERS
Lines # - Real PCT - Wanted PCT - Time Play
Normal Forward
1 - 35% - 38% - 19:45
2 - 34% - 37% - 18:54
3 - 22% - 20% - 12:26
4 - 9% - 5% - 4:57
Normal Defense
1 - 33% - 38% - 18:45
2 - 33% - 37% - 18:39
3 - 29% - 15% - 16:11
4 - 4% - 10% - 2:27
PP Forward
1 - 65% - 55% - 1:17
2 - 35% - 45% - 0:42
PP Defense
1 - 65% - 55% - 1:17
2 - 35% - 45% - 0:42
PK Forward
1 - 71% - 55% - 1:24
2 - 29% - 45% - 0:35
PK Defense
1 - 71% - 55% - 1:24
2 - 29% - 45% - 0:35
PK3 Forward
1 - 0% - 55%
2 - 0% - 45%
PK3 Defense
1 - 0% - 55%
2 - 0% - 45%
44 Forward
1 - 0% - 55%
2 - 0% - 45%
44 Defense
1 - 0% - 55%
2 - 0% - 45%
Last Minute Offensive  - 0:00
Last Minute Defensive  - 0:00
Total
Forward - 60:00
Defense - 60:00
Play-by-Play 1st period 0:01 of 1st period - Sebastian Aho wins face-off versus Sidney Crosby in neutral zone. 0:22 of 1st period - Andrei Svechnikov is hit by Jake Sanderson and loses puck. 0:32 of 1st period - Zach Hyman is hit by Justin Faulk and loses puck. 0:39 of 1st period - Shot by Zach Hyman. 0:39 of 1st period - Deflect By Sebastian Aho. 0:39 of 1st period - Shot Misses the Net. 0:41 of 1st period - Shot by Darnell Nurse. 0:41 of 1st period - Shot Blocked by Justin Faulk. 0:43 of 1st period - Shot by Darnell Nurse. 0:43 of 1st period - Stopped by Tristan Jarry without a rebound. 0:44 of 1st period - Bo Horvat wins face-off versus Ryan Strome in SASKATOON DUCKS zone. 1:27 of 1st period - Shot by Kasperi Kapanen. 1:27 of 1st period - Shot Blocked by Brock Faber. 2:13 of 1st period - Shot by Jack Roslovic. 2:13 of 1st period - Stopped by Tristan Jarry without a rebound. 2:14 of 1st period - Sebastian Aho wins face-off versus Ryan Strome in SASKATOON DUCKS zone. 2:21 of 1st period - Shot by Sebastian Aho. 2:21 of 1st period - Stopped by Tristan Jarry without a rebound. 2:22 of 1st period - Paul Stastny wins face-off versus Dakota Joshua in SASKATOON DUCKS zone. 2:33 of 1st period - Shot by Eeli Tolvanen. 2:33 of 1st period - Stopped by Tristan Jarry without a rebound. 2:34 of 1st period - Ryan Strome wins face-off versus Sebastian Aho in SASKATOON DUCKS zone. 2:34 of 1st period - Ryan Strome is hit by Andrei Svechnikov. 3:00 of 1st period - Shot by Ryan Strome. 3:00 of 1st period - Shot Misses the Net. 3:34 of 1st period - Shot by Kasperi Kapanen. 3:34 of 1st period - Shot Misses the Net. 3:36 of 1st period - Shot by Samuel Girard. 3:36 of 1st period - Shot Misses the Net. 4:16 of 1st period - Jaycob Megna is hit by Viktor Arvidsson and loses puck. 4:28 of 1st period - Icing by Samuel Girard. 4:29 of 1st period - Paul Stastny wins face-off versus Kirby Dach in SASKATOON DUCKS zone. 4:52 of 1st period - Michael Anderson is hit by Jake Guentzel and loses puck. 5:11 of 1st period - Icing by Kyle Palmieri. 5:12 of 1st period - Ryan Strome wins face-off versus Kirby Dach in SAN FRANCISCO SPIDERS zone. 5:25 of 1st period - Minor Penalty to Milan Lucic for Roughing. 5:26 of 1st period - Sebastian Aho wins face-off versus Ivan Barbashev in SASKATOON DUCKS zone. 7:27 of 1st period - Shot by Sebastian Aho. 7:27 of 1st period - Stopped by Tristan Jarry without a rebound. 7:28 of 1st period - Dakota Joshua wins face-off versus Kailer Yamamoto in SASKATOON DUCKS zone. 7:46 of 1st period - Shot by Kasperi Kapanen. 7:46 of 1st period - Shot Misses the Net. 9:00 of 1st period - Shot by Kirby Dach. 9:00 of 1st period - Shot Misses the Net. 9:02 of 1st period - Shot by Darnell Nurse. 9:02 of 1st period - Stopped by Tristan Jarry without a rebound. 9:03 of 1st period - Sidney Crosby wins face-off versus Bo Horvat in SASKATOON DUCKS zone. 9:19 of 1st period - Bo Horvat is hit by Ben Chiarot. 9:35 of 1st period - Shot by Mathieu Joseph. 9:35 of 1st period - Deflect By Jake Guentzel. 9:35 of 1st period - Shot Misses the Net. 10:10 of 1st period - Shot by Andrei Svechnikov. 10:10 of 1st period - Stopped by Tristan Jarry without a rebound. 10:11 of 1st period - Sebastian Aho wins face-off versus Paul Stastny in SASKATOON DUCKS zone. 10:23 of 1st period - Icing by Samuel Girard. 10:24 of 1st period - Paul Stastny wins face-off versus Kirby Dach in SASKATOON DUCKS zone. 11:56 of 1st period - Shot by Ryan Strome. 11:56 of 1st period - Stopped by Igor Shesterkin without a rebound. 11:57 of 1st period - Ryan Strome wins face-off versus Zach Hyman in SAN FRANCISCO SPIDERS zone. 12:08 of 1st period - Shot by Andrei Svechnikov. 12:08 of 1st period - Stopped by Tristan Jarry without a rebound. 12:09 of 1st period - Bo Horvat wins face-off versus Ryan Strome in SASKATOON DUCKS zone. 12:36 of 1st period - Shot by Ivan Barbashev. 12:36 of 1st period - Shot Misses the Net. 12:38 of 1st period - Shot by Ben Chiarot. 12:38 of 1st period - Shot Blocked by Brock Faber. 12:40 of 1st period - Shot by Ben Chiarot. 12:40 of 1st period - Stopped by Igor Shesterkin without a rebound. 12:41 of 1st period - Sidney Crosby wins face-off versus Sebastian Aho in SAN FRANCISCO SPIDERS zone. 12:43 of 1st period - Jake Guentzel is hit by Brenden Dillon and loses puck. 13:00 of 1st period - Jake Guentzel is hit by Brenden Dillon and loses puck. 13:13 of 1st period - Shot by Jake Guentzel. 13:13 of 1st period - Shot Misses the Net. 13:25 of 1st period - Shot by Mathieu Joseph. 13:25 of 1st period - Stopped by Igor Shesterkin without a rebound. 13:26 of 1st period - Ryan Strome wins face-off versus Bo Horvat in SAN FRANCISCO SPIDERS zone. 13:41 of 1st period - Shot by Brock Faber. 13:41 of 1st period - Stopped by Tristan Jarry without a rebound. 13:42 of 1st period - Dakota Joshua wins face-off versus Ryan Strome in SASKATOON DUCKS zone. 13:45 of 1st period - Shot by Sam Lafferty. 13:45 of 1st period - Stopped by Tristan Jarry with a rebound. 13:51 of 1st period - Shot by Sam Lafferty. 13:51 of 1st period - Stopped by Tristan Jarry without a rebound. 13:52 of 1st period - Sebastian Aho wins face-off versus Sidney Crosby in SASKATOON DUCKS zone. 13:53 of 1st period - Shot by Andrei Svechnikov. 13:53 of 1st period - Stopped by Tristan Jarry with a rebound. 13:56 of 1st period - Icing by Ben Chiarot. 13:57 of 1st period - Sebastian Aho wins face-off versus Sidney Crosby in SASKATOON DUCKS zone. 14:27 of 1st period - Shot by Mathieu Joseph. 14:27 of 1st period - Stopped by Igor Shesterkin with a rebound. 14:39 of 1st period - Shot by Jake Guentzel. 14:39 of 1st period - Stopped by Igor Shesterkin with a rebound. 14:48 of 1st period - Icing by Zach Hyman. 14:49 of 1st period - Sebastian Aho wins face-off versus Ryan Strome in SAN FRANCISCO SPIDERS zone. 15:49 of 1st period - Shot by Bo Horvat. 15:49 of 1st period - Stopped by Tristan Jarry with a rebound. 16:10 of 1st period - Sidney Crosby is hit by Erik Gudbranson and loses puck. 16:45 of 1st period - Shot by Sidney Crosby. 16:45 of 1st period - Stopped by Igor Shesterkin without a rebound. 16:46 of 1st period - Ryan Strome wins face-off versus Sebastian Aho in SAN FRANCISCO SPIDERS zone. 16:46 of 1st period - Ryan Strome is hit by Brenden Dillon. 16:54 of 1st period - Shot by Phil Kessel. 16:54 of 1st period - Stopped by Igor Shesterkin with a rebound. 17:08 of 1st period - Shot by Zach Hyman. 17:08 of 1st period - Deflect By Andrei Svechnikov. 17:08 of 1st period - Shot Blocked by Samuel Girard. 18:33 of 1st period - Icing by Jaycob Megna. 18:34 of 1st period - Kasperi Kapanen wins face-off versus Dakota Joshua in SASKATOON DUCKS zone. 18:51 of 1st period - Icing by Kasperi Kapanen. 18:52 of 1st period - Paul Stastny wins face-off versus Sebastian Aho in SASKATOON DUCKS zone. 19:01 of 1st period - Shot by Sebastian Aho. 19:01 of 1st period - Shot Blocked by Kailer Yamamoto. Goals for this period are 0 for SASKATOON DUCKS vs 0 for SAN FRANCISCO SPIDERS. Shots for this period are 7 for SASKATOON DUCKS vs 13 for SAN FRANCISCO SPIDERS. 2nd period 0:01 of 2nd period - Bo Horvat wins face-off versus Kasperi Kapanen in neutral zone. 0:07 of 2nd period - Shot by Viktor Arvidsson. 0:07 of 2nd period - Shot Misses the Net. 0:32 of 2nd period - Shot by Viktor Arvidsson. 0:32 of 2nd period - Shot Misses the Net. 0:41 of 2nd period - Jared McCann is hit by Jake Sanderson and loses puck. 1:06 of 2nd period - Sebastian Aho is hit by Justin Faulk and loses puck. 1:13 of 2nd period - Shot by Sebastian Aho. 1:13 of 2nd period - Stopped by Tristan Jarry without a rebound. 1:14 of 2nd period - Kirby Dach wins face-off versus Sidney Crosby in SASKATOON DUCKS zone. 1:14 of 2nd period - Kirby Dach is hit by Ben Chiarot. 1:23 of 2nd period - Jake Guentzel is hit by Kyle Palmieri and loses puck. 1:54 of 2nd period - Shot by Jake Guentzel. 1:54 of 2nd period - Shot Misses the Net. 1:56 of 2nd period - Shot by Ben Chiarot. 1:56 of 2nd period - Stopped by Igor Shesterkin with a rebound. 1:59 of 2nd period - Mathieu Joseph is hit by Erik Gudbranson and loses puck. 2:21 of 2nd period - Phil Kessel is hit by Brenden Dillon and loses puck. 2:40 of 2nd period - Shot by Sebastian Aho. 2:40 of 2nd period - Shot Blocked by Justin Faulk. 3:02 of 2nd period - Shot by Andrei Svechnikov. 3:02 of 2nd period - Shot Misses the Net. 3:04 of 2nd period - Shot by Sebastian Aho. 3:04 of 2nd period - Shot Misses the Net. 3:22 of 2nd period - Shot by Bo Horvat. 3:22 of 2nd period - Stopped by Tristan Jarry without a rebound. 3:23 of 2nd period - Sidney Crosby wins face-off versus Dakota Joshua in SASKATOON DUCKS zone. 3:33 of 2nd period - Icing by Mathieu Joseph. 3:34 of 2nd period - Bo Horvat wins face-off versus Sidney Crosby in SASKATOON DUCKS zone. 3:38 of 2nd period - Bo Horvat is hit by Samuel Girard and loses puck. 3:52 of 2nd period - Off-side. 3:53 of 2nd period - Sebastian Aho wins face-off ve